 Dungeon Crawl Stone Soup version 0.31-a0-803-g95b03c3367 (webtiles) character file.

Game seed: 2179462249626563195

6053 ytrimaz the Covert (level 10, -5/56 (58) HPs)
             Began as an Octopode Shapeshifter on Sept 20, 2023.
             Was a Follower of Ashenzari.
             Slain by a death yak (18 damage)
             ... on level 8 of the Dungeon.
             The game lasted 00:14:37 (9688 turns).

ytrimaz the Covert (Octopode Shapeshifter)          Turns: 9688, Time: 00:14:38

HP:   -5/56 (58)    AC:  5    Str: 14    XL:     10   Next: 87%
MP:   19/19         EV: 16    Int: 13    God:    Ashenzari [*.....]
Gold: 1359          SH:  5    Dex: 15    Spells: 9/9 levels left

rFire   . .          .
                       - Unarmed
rCold   . . .        (shield currently unavailable)
rNeg    . . .        f - +0 mask of the Dragon {Will+ Slay+3 SInv, Dev, Bglg} (curse)
rPois   .            u - amulet of reflection
rElec   .            m - ring of the Celestial Sage {MP+9, Melee, Range} (curse)
rCorr   .            y - ring of the Omniscient Failure {AC+4, Dev, Elem} (curse)
SInv    +            (no ring)
Will    +....        (no ring)
Stlth   +++          (no ring)
HPRegen 0.29/turn    (no ring)
MPRegen 0.16/turn    (no ring)
                     (no ring)

%: reflection
@: flux-form, glowing, lightly drained, invisible (but backlit and visible)
A: glow, contaminating, almost no armour, amphibious, 8 rings, camouflage 1,
gelatinous body 1, (nimble swimmer 1), tentacles, MP-powered wands
a: Begin Untransformation, Renounce Religion, Shatter the Chains


You were on level 8 of the Dungeon.
You worshipped Ashenzari.
Ashenzari was aware of your devotion.
You were something dangerously unstable.
You visited 2 branches of the dungeon, and saw 10 of its levels.
You also visited: Ossuary.

You collected 1359 gold pieces.


Innate Abilities, Weirdness & Mutations

You are something dangerously unstable.
You glow with magical radiation, making you easy to see and hit.
Foes you strike become dangerously contaminated with magical radiation.
You are incapable of wielding weapons or throwing items.
You cannot wear most types of armour.
You are amphibious.
You can wear up to eight rings at the same time.
Your skin changes colour to match your surroundings (Stealth+).
Your rubbery body absorbs attacks. (AC +1, EV +1)
((You are camouflaged when in or above water. (Stealth+)))
You have tentacles for arms and can constrict up to eight enemies at once.
You expend magic power (3 MP) to strengthen your wands.


   Skills:
 - Level 1.0 Fighting
 + Level 6.9 Dodging
 + Level 13.8 Stealth
 + Level 8.0(8.8) Unarmed Combat
 + Level 7.7(9.0) Shapeshifting


You had 9 spell levels left.
You didn't know any spells.
Your spell library contained the following spells:

 Spells                   Type           Power      Damage    Failure   Level
 Kiss of Death            Conj/Necr      0%         2d5       30%         1
 Sandblast                Erth           0%         2d4       30%         1
 Passwall                 Tmut/Erth      0%         N/A       43%         2
 Call Canine Familiar     Summ           0%         N/A       67%         3
 Confusing Touch          Hex            0%         N/A       67%         3
 Sigil of Binding         Hex            0%         N/A       67%         3
 Stone Arrow              Conj/Erth      0%         3d7       67%         3
 Brom's Barrelling Bould  Conj/Erth      0%         2d3       97%         4
 Dimensional Bullseye     Hex/Tloc       0%         N/A       97%         4
 Dispel Undead            Necr           0%         3d6       97%         4
 Leda's Liquefaction      Hex/Erth       0%         N/A       97%         4

Inventory:

Armour
 f - the cursed +0 mask of the Dragon (worn) {Will+ Slay+3 SInv, Dev, Bglg}
   (You acquired it on level 4 of the Dungeon)

   Slay+3:    It affects your accuracy & damage with ranged weapons and melee
   (+3).
   Will+:     It increases your willpower.
   SInv:      It lets you see invisible.
   It has a curse which improves the following skills: Devices: Evocations and
   Shapeshifting.
   Beguiling: Conjurations, Hexes and Translocations.
 p - a +1 hat
   (You found it on level 2 of the Dungeon)
Jewellery
 m - the cursed ring of the Celestial Sage (left tentacle) {MP+9, Melee, Range}
   (You found it on level 1 of the Dungeon)

   [ring of magical power]

   MP+9:      It affects your magic capacity (+9).
   It has a curse which improves the following skills: Melee Combat: Short
   Blades, Long Blades, Axes, Maces & Flails, Polearms, Staves and Unarmed
   Combat.
   Ranged Combat: Ranged Weapons and Throwing.
 u - an amulet of reflection (around mantle)
   (You found it on level 5 of the Dungeon)
 x - a ring of ice
   (You took it off an orc priest on level 5 of the Dungeon)
 y - the cursed ring of the Omniscient Failure (right tentacle) {AC+4, Dev, Elem}
   (You found it on level 6 of the Dungeon)

   [ring of protection]

   AC+4:      It affects your AC (+4).
   It has a curse which improves the following skills: Devices: Evocations and
   Shapeshifting.
   Elements:  Fire Magic, Ice Magic, Air Magic and Earth Magic.
 E - a ring of fire
   (You found it on level 7 of the Dungeon)
Talismans
 b - a beast talisman
 c - a flux talisman (active)
Wands
 H - a wand of acid (14)
   (You took it off Maurice on level 8 of the Dungeon)
Scrolls
 a - 3 scrolls of fog
 e - 3 scrolls of teleportation
 h - a scroll of torment
 i - 2 scrolls of poison
 j - a scroll of blinking
 o - 2 scrolls of immolation
 q - 5 scrolls of vulnerability
 A - a scroll of amnesia
 B - a scroll of enchant armour
 C - 2 scrolls of revelation
Potions
 d - 2 potions of curing
 g - a potion of might
 l - 2 potions of haste
 n - 3 potions of brilliance
 r - a potion of ambrosia
 s - a potion of cancellation
 t - a potion of lignification
 w - a potion of magic
 z - a potion of mutation
 D - a potion of attraction
 F - a potion of resistance
 G - a potion of enlightenment

Dungeon Overview and Level Annotations

Branches:
Dungeon (9/15) Zot: 26622  Temple (1/1) D:6 Zot: 5989    Lair (0/5) D:9
Ossuary (visited)
    Orc: D:9-12

Altars:
Ashenzari
Cheibriados
Dithmenos
Elyvilon
Fedhas
Gozag
Hepliaklqana
Makhleb
Nemelex Xobeh
Okawaru
Qazlal
Sif Muna
Uskayaw
Vehumet
Wu Jian
Xom
Zin

Shops:
D:1 *([:[   D:7 *

Annotations:
D:9 1 runed translucent door

#..........#
#..........# ##
#..........# #.
#.....##...# #.
#......#...# #.
#......#...# ##
#......#...##### #####
#......Y.......#####....
#......p...........#.###
##'###.#.............##.
#.# #.###[....####..##.
#.# #...............##.
#.# #.###.##..####.....
#.# #.# #.....# ##.#..
#.###.###.##..#####.##.
#...........?..........
#.##.........######.##.


You could see a death yak (contam, misshapen).


Message History

Unknown command.
The river rat closely misses you.
The kobold brigand attacks as it pursues you!
The kobold brigand hits you with a +0 short sword. 😕 HP[-5]
You take 5 damage, and now have 45/56 hp.
The kobold brigand attacks as it pursues you!
The kobold brigand misses you.
You see here a +0 short sword. 😕 HP[+1] Unknown command.
The kobold brigand throws a curare-tipped dart.
The curare-tipped dart misses you.
The kobold brigand throws a curare-tipped dart.
The curare-tipped dart hits you.
You are poisoned.
You have difficulty breathing.
You feel yourself slow down. 😕 HP[-2]
You take 2 damage, and now have 44/56 hp.
You feel sick.
Things that are here:
a +0 hand axe; a bullfrog corpse; an orc corpse 😮 HP[-2]
You take 2 damage, and now have 42/56 hp.
You feel sick.
The river rat twitches its whiskers.
You block the river rat's attack.
Things that are here:
a +0 hand axe; a +0 ring mail; an orc corpse 😮 HP[-1]
You take 1 damage, and now have 41/56 hp.
Unknown command.
You feel sick.
You are no longer poisoned. 😮 HP[-1]
You take 1 damage, and now have 40/56 hp.
You tentacle-slap the river rat.
The river rat begins to glow.
Your grab misses the river rat. You squeeze the river rat.
The river rat misses you.
You are too injured to fight recklessly!
You tentacle-slap the river rat.
You kill the river rat! 😮 HP[+1]
You are too injured to fight recklessly!
You tentacle-slap the orc.
The orc begins to glow.
Your grab misses the orc. You squeeze the orc.
You kill the orc!
An orc comes into view. It is wielding a +0 club.
The kobold brigand barely misses you.
Unknown command.
You are too injured to fight recklessly!
You tentacle-slap the kobold brigand.
The kobold brigand begins to glow.
You grab the kobold brigand. You squeeze the kobold brigand.
You constrict the kobold brigand, but do no damage.
You block the kobold brigand's attack.
Unknown command.
You release your grip on the kobold brigand.
The kobold brigand throws a curare-tipped dart.
The curare-tipped dart barely misses you. 😮 HP[+1] 😕 HP[+1] Unknown command.
You feel yourself speed up.
The kobold brigand stops glowing.
The kobold brigand hits you with a +0 short sword.
There is a stone staircase leading up here. 😮 HP[-6]
You take 6 damage, and now have 37/56 hp.
Unknown command.
Unknown command.
You climb upwards.
There is a stone staircase leading down here. 😮 HP[+1] Unknown command.
Unknown command.
You tentacle-slap the death yak but do no damage.
The death yak begins to glow.
You squeeze the death yak, but do no damage.
The death yak closely misses you.
Unknown command.
You bludgeon the death yak!
The death yak glows dangerously bright.
The death yak gores you!
* * * LOW HITPOINT WARNING * * *
😨 HP[-16]
You take 16 damage, and now have 22/56 hp.
MASSIVE DAMAGE!! (PAUSE)
You tentacle-slap the death yak.
The death yak shudders as magic cascades through it!!
The death yak twists and deforms.
You block the death yak's attack.
You bludgeon the death yak!
The death yak begins to glow.
You squeeze the death yak. The death yak gores you!
* * * LOW HITPOINT WARNING * * *
😱 HP[-9]
You take 9 damage, and now have 13/56 hp.
Unknown command.
Unknown command.
You become transparent, but the glow from your form prevents you from becoming completely invisible.
The death yak gores you!!
You die...

Skill      XL: |  1  2  3  4  5  6  7  8  9 10 |
---------------+-------------------------------+-----
Stealth        | 1 2 3 4 5 7 8 11 12 13 | 13.8
Shapeshifting  | 4 5 6 7 |  7.7
Unarmed Combat | 4 6 8 |  8.0
Dodging        | 5 6 |  6.9
Fighting       | |  1.0

Action                     |  1- 3 |  4- 6 |  7- 9 | 10-12 || total
---------------------------+-------+-------+-------+-------++-------
  Melee: Unarmed           |    52 |    67 |   345 |   187 ||   651
         Constrict         |    12 |     6 |    91 |    57 ||   166
         Tentacles         |    11 |     9 |    98 |    60 ||   178
         Punch             |     3 |     3 |    11 |       ||    17
 Invoke: Curse Item        |       |       |       |     3 ||     3
    Use: Potion            |       |     6 |     7 |     2 ||    15
         Scroll            |       |       |    17 |     5 ||    22
   Stab: Sleeping          |     7 |     4 |    26 |     4 ||    41
         Distracted        |       |     1 |       |       ||     1
 Armour: Skin              |    17 |    49 |   177 |    70 ||   313
  Dodge: Dodged            |    26 |    13 |   228 |   104 ||   371
  Block: Other             |       |       |    32 |    42 ||    74
         Reflection        |       |       |       |     1 ||     1
   Form: Flux              |       |       |     1 |       ||     1

Levels and vault maps discovered:
D:1:      dpeg_arrival_arbitrary_a, layout_basic, serial_shops, shop_statue,
          nicolae_shop_behind_doors, nicolae_shop_bloodbath_and_beyond, shop,
          nicolae_diamond_shop
D:2:      cheibrodos_pilgrimage, layout_basic, basic_altar,
          hellmonk_ecumenical_altar_inner_sanctum, uniq_natasha
D:3:      layout_loops_ring, minmay_box_of_dots, uniq_grinder, uniq_terence
D:4:      layout_loops_ring, nicolae_overflow_guarded_unrand_okawaru_victory,
          gup_ossuary_entry_pyramid
D:5:      layout_loops_cross, uniq_menkaure, uniq_pikel
D:6:      layout_layer_cave, minmay_temple_entry_antechambers,
          nicolae_lava_and_water
D:7:      layout_loops_corners, serial_shops, nicolae_shop_statue_plus
D:8:      layout_basic, minmay_mini_ossuary, uniq_maurice
D:9:      layout_loops_cross, dpeg_lair_monsters, ebering_ghost_gozag
Temple:   minmay_freezing_vapour_temple

Notes
Turn   | Place    | Note
-------+----------+-------------------------------------------
     0 | D:1      | ytrimaz the Octopode Shapeshifter began the quest for the
                  | Orb.
     0 | D:1      | Reached XP level 1. HP: 13/13 MP: 1/1
     0 | D:1      | magus.rc [v1.9.6]
    86 | D:1      | Found Urcha's Book Boutique.
    95 | D:1      | Reached skill level 1 in Stealth
   152 | D:1      | Reached XP level 2. HP: 17/18 MP: 2/2
   290 | D:1      | Found Muafan's Assorted Antiques.
   342 | D:1      | Found Mohirchebb's Weapon Shoppe.
   374 | D:1      | Reached skill level 2 in Stealth
   475 | D:1      | Found Sanenokh's Antique Armour Boutique.
   522 | D:1      | Found Seoc's Antique Armour Shoppe.
   716 | D:2      | Found a shimmering blue altar of Sif Muna.
   775 | D:2      | Reached XP level 3. HP: 23/23 MP: 3/3
   894 | D:2      | Reached skill level 3 in Stealth
   951 | D:2      | Noticed Natasha
   957 | D:2      | Killed Natasha
   958 | D:2      | Reached XP level 4. HP: 19/28 MP: 4/4
  1025 | D:2      | Reached skill level 4 in Shapeshifting
  1117 | D:2      | Noticed Natasha
  1122 | D:2      | Killed Natasha
  1123 | D:2      | Reached skill level 4 in Stealth
  1144 | D:2      | Noticed Natasha
  1148 | D:2      | Killed Natasha
  1149 | D:2      | Reached XP level 5. HP: 31/33 MP: 5/5
  1231 | D:2      | Reached skill level 5 in Stealth
  1248 | D:2      | Reached XP level 6. HP: 38/38 MP: 6/6
  1260 | D:2      | HP: 21/85 [orc/+0 flail (4)]
  1265 | D:2      | HP: 9/85 [orc priest/divine providence (11)]
  1270 | D:2      | HP: 1/57 [orc priest/+3 trident (6)]
  1273 | D:2      | Reached skill level 6 in Stealth
  1273 | D:2      | Reached skill level 5 in Shapeshifting
  1275 | D:2      | Gained mutation: You expend magic power (3 MP) to
                  | strengthen your wands. [potion of mutation]
  1278 | D:2      | HP: 9/38 [orc priest/+3 trident (3)]
  1422 | D:2      | Found a faded altar of an unknown god.
  1622 | D:3      | Noticed Grinder
  1630 | D:3      | Killed Grinder
  1631 | D:3      | Reached skill level 7 in Stealth
  1631 | D:3      | Reached XP level 7. HP: 35/43 MP: 7/7
  1819 | D:3      | Noticed Terence
  1829 | D:3      | Killed Terence
  2100 | D:3      | HP: 4/43 [gnoll/+0 halberd (16)]
  2599 | D:4      | Found an iron altar of Okawaru.
  2601 | D:4      | Found a runed translucent door.
  2627 | D:4      | Found the +0 toga "Victory" {*Victory Clar}
  2722 | D:4      | Found a sand-covered staircase.
  2727 | D:4      | Reached skill level 6 in Shapeshifting
  2730 | Ossuary  | Entered an ossuary
  2756 | Ossuary  | Reached skill level 8 in Stealth
  2943 | Ossuary  | HP: 7/43 [scorpion (5)]
  2945 | Ossuary  | Reached XP level 8. HP: 4/48 MP: 8/8
  2982 | Ossuary  | Reached skill level 9 in Stealth
  3148 | Ossuary  | HP: 11/48 [human zombie (5)]
  3298 | Ossuary  | Reached skill level 7 in Shapeshifting
  3356 | Ossuary  | Reached skill level 10 in Stealth
  3419 | Ossuary  | HP: 12/48 [centaur zombie (3)]
  3776 | Ossuary  | Reached skill level 4 in Unarmed Combat
  3846 | Ossuary  | Reached skill level 11 in Stealth
  3953 | Ossuary  | Identified a scroll of acquirement
  4394 | D:4      | Reached XP level 9. HP: 43/53 MP: 9/9
  4397 | D:4      | HP: 10/53 [gnoll/+0 flail[a gnoll bouda] (7)]
  4405 | D:4      | HP: 7/53 [orc/+0 hand axe (6)]
  4630 | D:4      | Acquired 946 gold pieces
  4634 | D:4      | Acquired the +0 mask of the Dragon {Will+ Slay+3 SInv}
  4634 | D:4      | Found the +0 mask of the Dragon {Will+ Slay+3 SInv}
  4708 | D:5      | Entered Level 5 of the Dungeon
  4708 | D:5      | Noticed Menkaure
  4713 | D:5      | Killed Menkaure
  4714 | D:5      | Reached skill level 3 in Dodging
  4714 | D:5      | Reached skill level 5 in Unarmed Combat
  5078 | D:5      | HP: 9/53 [ice beast (5)]
  5079 | D:5      | HP: 1/53 [ice beast (6)]
  5343 | D:5      | HP: 10/53 [phantom (5)]
  5480 | D:5      | Reached skill level 4 in Dodging
  5563 | D:5      | You pick up a book of Touch and begin reading...
  5563 | D:5      | You add the spells Kiss of Death, Confusing Touch and
                  | Dispel Undead to your library.
  5826 | D:5      | Reached skill level 6 in Unarmed Combat
  5942 | D:5      | You pick up a book of the Hunter and begin reading...
  5942 | D:5      | You add the spells Sigil of Binding, Call Canine Familiar,
                  | Dimensional Bullseye and Leda's Liquefaction to your
                  | library.
  5968 | D:5      | Noticed Pikel
  5972 | D:5      | Killed Pikel
  5973 | D:5      | Reached skill level 5 in Dodging
  5973 | D:5      | Reached skill level 12 in Stealth
  6136 | D:6      | HP: 11/53 [orc priest/divine providence (10)]
  6301 | D:6      | Found a staircase to the Ecumenical Temple.
  6331 | Temple   | Entered the Ecumenical Temple
  6336 | Temple   | Became a worshipper of Ashenzari the Shackled
  6587 | D:6      | You pick up a book of Geomancy and begin reading...
  6587 | D:6      | You add the spells Sandblast, Passwall, Stone Arrow and
                  | Brom's Barrelling Boulder to your library.
  6881 | D:6      | Reached XP level 10. HP: 44/58 MP: 10/10
  7075 | D:6      | Noticed a cyclops
  7083 | D:6      | Killed a cyclops
  7084 | D:6      | Reached skill level 7 in Unarmed Combat
  7650 | D:7      | Reached skill level 13 in Stealth
  7675 | D:7      | Found Woow Gie's General Store.
  7841 | D:7      | Reached * piety under Ashenzari
  7889 | D:7      | Reached skill level 6 in Dodging
  8363 | D:8      | HP: 7/56 [wight/+0 long sword (11)]
  8740 | D:8      | Noticed Maurice
  8745 | D:8      | Killed Maurice
  9334 | D:9      | HP: 12/55 [wight/+0 short sword (9)]
  9458 | D:9      | Noticed a death yak
  9458 | D:9      | Noticed a death yak
  9458 | D:9      | Noticed a death yak
  9458 | D:9      | Found a staircase to the Lair.
  9513 | D:9      | Found a runed translucent gate.
  9526 | D:9      | Reached skill level 8 in Unarmed Combat
  9687 | D:8      | HP: 13/56 [death yak (10)]
  9688 | D:8      | Slain by a death yak

Vanquished Creatures
  Pikel (D:5)
  A cyclops (D:6)
  Maurice (D:8)
  Grinder (D:3)
  A shadow (D:8)
  Menkaure (D:5)
  3 orc warriors
  A sky beast (D:8)
  4 ice beasts
  An ogre (D:5)
  A phantom (D:5)
  A centaur (D:5)
  A lemure (D:5)
  11 scorpions (Ossuary)
  4 bullfrogs
  17 wights
  4 howler monkeys
  2 centaur zombies (Ossuary)
  A hound (D:5)
  2 human zombies (Ossuary)
  10 orc priests
  2 gnoll boudas
  2 jellies
  A sleepcap (D:8)
  Terence (D:3)
  12 orc wizards
  5 scorpion zombies (Ossuary)
  Natasha (thrice) (D:2)
  A hell rat (D:9)
  5 mummies
  15 gnolls
  6 adders
  A river rat (D:9)
  A white imp (D:5)
  2 worms (D:2)
  3 dart slugs
  30 orcs
  6 ball pythons
  6 endoplasms
  3 giant cockroaches (D:3)
  3 gnoll zombies (Ossuary)
  9 hobgoblins
  4 jackals (D:5)
  4 quokkas
  4 bats
  2 frilled lizards (D:3)
  7 goblins
  2 goblin zombies (Ossuary)
  6 hobgoblin zombies
  5 kobolds
  4 kobold zombies
  An orc zombie (Ossuary)
  6 rats
231 creatures vanquished.

Vanquished Creatures (others)
  An orc wizard (D:2)
1 creature vanquished.

Grand Total: 232 creatures vanquished

Table legend:
 A = Non-vault XP
 B = Vault XP
 C = Vault XP percentage of total XP
 D = Non-vault monster count
 E = Vault monster count
 F = Vault count percentage of total count
                 A         B        C        D         E       F
            +---------+---------+-------+---------+---------+-------
      Total |    5344 |    3304 |  38.2 |     164 |      67 |  29.0
            +---------+---------+-------+---------+---------+-------
        D:1 |      28 |       0 |   0.0 |      16 |       0 |   0.0
        D:2 |     215 |     208 |  49.2 |      24 |       8 |  25.0
        D:3 |     147 |     303 |  67.3 |      23 |       4 |  14.8
        D:4 |      42 |     137 |  76.5 |      10 |       9 |  47.4
        D:5 |    1065 |     816 |  43.4 |      25 |       2 |   7.4
        D:6 |     880 |       0 |   0.0 |      15 |       0 |   0.0
        D:7 |    1006 |       0 |   0.0 |      19 |       0 |   0.0
        D:8 |    1360 |     435 |  24.2 |      18 |       7 |  28.0
        D:9 |     601 |      45 |   7.0 |      14 |       2 |  12.5
    Ossuary |       0 |    1360 | 100.0 |       0 |      35 | 100.0
            +---------+---------+-------+---------+---------+-------

Skill      XL: |  1  2  3  4  5  6  7  8  9 10 |
---------------+-------------------------------+-----
Stealth        | 1 2 3 4 5 7 8 11 12 13 | 13.8
Shapeshifting  | 4 5 6 7 |  7.7
Unarmed Combat | 4 6 8 |  8.0
Dodging        | 5 6 |  6.9
Fighting       | |  1.0

Action                     |  1- 3 |  4- 6 |  7- 9 | 10-12 || total
---------------------------+-------+-------+-------+-------++-------
  Melee: Unarmed           |    52 |    67 |   345 |   187 ||   651
         Constrict         |    12 |     6 |    91 |    57 ||   166
         Tentacles         |    11 |     9 |    98 |    60 ||   178
         Punch             |     3 |     3 |    11 |       ||    17
 Invoke: Curse Item        |       |       |       |     3 ||     3
    Use: Potion            |       |     6 |     7 |     2 ||    15
         Scroll            |       |       |    17 |     5 ||    22
   Stab: Sleeping          |     7 |     4 |    26 |     4 ||    41
         Distracted        |       |     1 |       |       ||     1
 Armour: Skin              |    17 |    49 |   177 |    70 ||   313
  Dodge: Dodged            |    26 |    13 |   228 |   104 ||   371
  Block: Other             |       |       |    32 |    42 ||    74
         Reflection        |       |       |       |     1 ||     1
   Form: Flux              |       |       |     1 |       ||     1

Illustrated notes

Table legend:
 A = Kills in this place as a percentage of kills in the entire game.
 B = Kills by you in this place as a percentage of kills by you in the entire game.
 C = Kills by friends in this place as a percentage of kills by friends in the entire game.
 D = Other kills in this place as a percentage of other kills in the entire game.
 E = Experience gained in this place as a percentage of experience gained in the entire game.
 F = Experience gained in this place divided by the number of levels of this place that you have seen.
                   A       B       C       D       E      F
               +-------+-------+-------+-------+-------+----------------------
         Total | 100.0 | 100.0 |   N/A | 100.0 | 100.0 | 786.2
       Dungeon |  84.8 |  84.8 |   N/A | 100.0 |  84.3 | 809.8
       Ossuary |  15.2 |  15.2 |   N/A |   0.0 |  15.7 | 1360.0
               +-------+-------+-------+-------+-------+----------------------

Table legend: (Time is in decaauts)
 A = Elapsed time spent in this place.
 B = Non-inter-level travel time spent in this place.
 C = Inter-level travel time spent in this place.
 D = Time resting spent in this place.
 E = Time spent auto-exploring this place.
 F = Levels seen in this place.
 G = Mean time per level.
                   A        B        C        D        E       F      G
               +--------+--------+--------+--------+--------+-----+--------+
         Total |   9659 |   9407 |    252 |    167 |   7337 |  11 |  878.1 |
       Dungeon |   8361 |   8113 |    248 |     84 |   6514 |   9 |  929.0 |
        Temple |     10 |      6 |      4 |      0 |      0 |   1 |   10.0 |
       Ossuary |   1287 |   1287 |      0 |     83 |    823 |   1 | 1287.0 |
               +--------+--------+--------+--------+--------+-----+--------+

Top non-repeatable levels by time:
     D:5: 1381 daAuts
 Ossuary: 1287 daAuts
     D:8: 1262 daAuts
     D:6: 1167 daAuts
     D:7: 1007 daAuts
     D:2: 925 daAuts
     D:3: 912 daAuts
     D:4: 865 daAuts
     D:1: 714 daAuts
     D:9: 124 daAuts
  Temple: 10 daAuts
